 Dungeon Crawl Stone Soup version 0.21-a0-380-gd65dc97 (webtiles) character file.

3050 tof the Cleaver (level 9, -2/79 HPs)
             Began as a Minotaur Berserker on Oct 17, 2017.
             Was a Priest of Trog.
             Killed by the air
             ... invoked by Gastronok
              (21 damage)
             ... on level 8 of the Dungeon.
             The game lasted 00:12:48 (5434 turns).

tof the Cleaver (Minotaur Berserker)                Turns: 5434, Time: 00:12:48

Health: -2/79      AC: 19    Str: 22    XL:     9   Next: 57%
Magic:  0/8        EV: 10    Int:  4    God:    Trog [***...]
Gold:   510        SH:  0    Dex: 13    Spells: 8/8 levels left

rFire    + . .     SeeInvis .   u - +3 hand axe (elec)
rCold    + + +     Gourm    .   (no shield)
rNeg     . . .     Faith    .   A - +0 plate armour {rC+}
rPois    .         Spirit   +   (helmet unavailable)
rElec    .         Reflect  .   (no cloak)
rCorr    .         Harm     .   a - +0 pair of gloves
MR       .....                  v - +2 pair of boots
Stlth    ..........             k - amulet of guardian spirit
HPRegen  0.23/turn              (no ring)
MPRegen  0.11/turn              (no ring)

@: berserk cooldown, slowed, very slow
A: retaliatory headbutt, horns 3, cold resistance 2, fire resistance 1
a: Berserk, Trog's Hand, Burn Spellbooks, Renounce Religion


You were on level 8 of the Dungeon.
You worshipped Trog.
Trog was most pleased with you.
You were hungry.

You visited 1 branch of the dungeon, and saw 8 of its levels.

You collected 510 gold pieces.

Inventory:

Hand Weapons
 u - a +3 hand axe of electrocution (weapon)
Armour
 a - a +0 pair of gloves (worn)
 v - a +2 pair of boots (worn)
 A - a +0 plate armour of cold resistance (worn)
Jewellery
 k - an amulet of guardian spirit (around neck)
Wands
 s - a wand of iceblast (4/15)
Scrolls
 g - 3 scrolls of fog
 i - 4 scrolls of enchant weapon
 j - 5 scrolls of teleportation
 l - 3 scrolls of fear
 t - 5 scrolls of remove curse
 w - 2 scrolls of magic mapping
 y - 2 scrolls of enchant armour
 z - 2 scrolls of identify
 B - a scroll of vulnerability {unknown}
Potions
 e - 3 potions of cancellation
 f - 5 potions of flight
 m - 2 potions of curing
 o - a potion of haste {unknown}
 q - a potion of might {unknown}
 r - a potion of heal wounds {unknown}
 x - a potion of brilliance {unknown}
Books
 b - a book of Changes

   Spells                             Type                      Level
   a - Beastly Appendage              Transmutation                1
   b - Sticks to Snakes               Transmutation                2
   c - Spider Form                    Transmutation/Poison         3
   d - Ice Form                       Ice/Transmutation            4
   e - Blade Hands                    Transmutation                5
   Trog disapproves of the use of such an item.
Comestibles
 c - 7 bread rations
 d - 4 meat rations
 h - 6 royal jellies
 n - a fruit
 p - a chunk of flesh


   Skills:
 + Level 7.5 Fighting
 * Level 10.0 Axes
 * Level 9.6 Armour
 + Level 6.2 Dodging


You had 8 spell levels left.
You didn't know any spells.

Dungeon Overview and Level Annotations

Branches:
Dungeon (8/15)             Temple (0/1) D:7
   Lair: D:8-11

Altars:
Ashenzari
Cheibriados
Elyvilon
Kikubaaqudgha
Okawaru
Ru
Vehumet

Shops:
D:4 [   D:6 [   D:7 =

Annotations:
D:8 Gastronok


Innate Abilities, Weirdness & Mutations

You reflexively headbutt those who attack you in melee.
You have a pair of large horns on your head.
Your flesh is very cold resistant. (rC++)
Your flesh is heat resistant. (rF+)


Message History

Gastronok is heavily wounded.
You slash the ice beast!
You kill the ice beast!
Trog accepts your kill.
Your Axes skill increases to level 10!
You hit Gastronok.
Gastronok is heavily wounded.
Gastronok bites you!!
* * * LOW HITPOINT WARNING * * *
You hit Gastronok. Lightning courses through Gastronok!
Gastronok is heavily wounded.
Gastronok gurgles, "I bet you'll be tasty."
Gastronok bites you but does no damage.
You hit Gastronok. You headbutt Gastronok!
Gastronok is severely wounded.
You hit Gastronok. You headbutt Gastronok!
Gastronok is severely wounded.
Gastronok waves his eye-stalks in wide circles.
The air twists around and strikes you!
You die...

#.....##. ##....##
...# ##### ##....#
...## #....# #....##
...###.....#
##....##
#...........
###...####........>.
##....###......#
##....<....w.#
##.......@.#
#.......$.#
#.......(##
#..........#
.............#
....#######...# ####
#....# #..... ..!.


You could see Gastronok.

Vanquished Creatures
  A cyclops (D:7)
  The ghost of Yermak the Skirmisher, an amateur DgTm (D:5)
  2 yaks (D:7)
  A human (D:7)
  2 hogs (D:7)
  Eustachio (D:5)
  The ghost of Yermak the Changer, an amateur DgTm (D:4)
  Edmund (D:6)
  A water moccasin (D:8)
  An ice beast (D:8)
  A phantom (D:7)
  An ogre (D:4)
  2 centaurs
  3 scorpions
  A water moccasin skeleton (D:6)
  A crimson imp (D:6)
  A centaur zombie (D:7)
  A quasit (D:7)
  3 hounds
  4 jellies
  2 orc priests (D:7)
  2 centaur skeletons
  An iguana (D:7)
  5 worker ants
  A worker ant zombie (D:7)
  4 adders
  An ooze (D:4)
  3 worms
  3 dart slugs (D:1)
  4 leopard geckos
  10 orcs
  7 giant cockroaches
  6 goblins
  5 hobgoblins
  7 kobolds
  2 quokkas
  4 ball pythons
  3 bats
  4 frilled lizards
  A giant cockroach zombie (D:6)
  A jackal skeleton (D:6)
  A quokka zombie (D:5)
  2 rats (D:3)
109 creatures vanquished.

Notes
Turn   | Place    | Note
-------+----------+-------------------------------------------
     0 | D:1      | tof the Minotaur Berserker began the quest for the Orb.
     0 | D:1      | Reached XP level 1. HP: 19/19 MP: 0/0
   151 | D:1      | Reached XP level 2. HP: 25/27 MP: 1/1
   348 | D:1      | Reached skill level 4 in Axes
   398 | D:1      | You fall through a shaft!
   546 | D:2      | Reached XP level 3. HP: 32/33 MP: 2/2
   592 | D:2      | Found a white marble altar of Elyvilon.
   593 | D:2      | Found an iron altar of Okawaru.
  1172 | D:3      | Reached ** piety under Trog
  1788 | D:3      | Found a faded altar of an unknown god.
  1871 | D:3      | Reached XP level 4. HP: 40/40 MP: 3/3
  2034 | D:4      | Found Edgheafilo's Antique Armour Emporium.
  2072 | D:4      | Noticed an ogre
  2076 | D:4      | Killed an ogre
  2076 | D:4      | Reached skill level 5 in Axes
  2076 | D:4      | Reached XP level 5. HP: 47/47 MP: 4/4
  2094 | D:4      | Noticed Yermak's ghost (amateur DgTm)
  2114 | D:4      | Killed Yermak's ghost
  2114 | D:4      | Reached XP level 6. HP: 53/53 MP: 5/5
  2135 | D:4      | Reached skill level 5 in Armour
  2207 | D:4      | Found a sacrificial altar of Ru.
  2454 | D:4      | Gained mutation: You have a pair of large horns on your head. [potion of mutation]
  2454 | D:4      | Gained mutation: You evolve. [potion of mutation]
  2454 | D:4      | Gained mutation: You are agile. (Dex +2) [potion of mutation]
  2485 | D:5      | Entered Level 5 of the Dungeon
  2613 | D:5      | Noticed Yermak's ghost (amateur DgTm)
  2620 | D:5      | Killed Yermak's ghost
  2620 | D:5      | Reached skill level 5 in Fighting
  2620 | D:5      | Reached skill level 6 in Axes
  2620 | D:5      | Reached XP level 7. HP: 61/61 MP: 6/6
  2866 | D:5      | Noticed Eustachio
  2877 | D:5      | Killed Eustachio
  3235 | D:5      | Reached skill level 7 in Axes
  3346 | D:6      | Found Plog's Antique Armour Emporium.
  3612 | D:6      | Noticed Edmund
  3614 | D:6      | Reached *** piety under Trog
  3622 | D:6      | Killed Edmund
  3622 | D:6      | Reached XP level 8. HP: 70/70 MP: 5/7
  3635 | D:6      | Lost mutation: You have a pair of large horns on your head. [potion of mutation]
  3635 | D:6      | Lost mutation: You evolve. [potion of mutation]
  3635 | D:6      | Gained mutation: You have a pair of large horns on your head. [potion of mutation]
  3635 | D:6      | Gained mutation: Your magical capacity is low. (-10% MP) [potion of mutation]
  3635 | D:6      | Gained mutation: Your muscles are strong. (Str +2) [potion of mutation]
  3635 | D:6      | Gained mutation: You are resistant to hostile enchantments. (MR+) [potion of mutation]
  3636 | D:6      | Lost mutation: Your muscles are strong. (Str +2) [potion of mutation]
  3636 | D:6      | Lost mutation: Your magical capacity is low. (-10% MP) [potion of mutation]
  3636 | D:6      | Lost mutation: You are resistant to hostile enchantments. (MR+) [potion of mutation]
  3636 | D:6      | Lost mutation: You are agile. (Dex +2) [potion of mutation]
  3636 | D:6      | Gained mutation: Your flesh is cold resistant. (rC+) [potion of mutation]
  3636 | D:6      | Gained mutation: Your flesh is heat resistant. (rF+) [potion of mutation]
  3636 | D:6      | Gained mutation: Your flesh is very cold resistant. (rC++) [potion of mutation]
  4146 | D:7      | Found an ancient bone altar of Kikubaaqudgha.
  4226 | D:7      | Reached skill level 8 in Axes
  4245 | D:7      | Reached skill level 5 in Dodging
  4589 | D:7      | Found a shattered altar of Ashenzari.
  4637 | D:7      | Found Lulibrin's Jewellery Emporium.
  4702 | D:7      | Reached skill level 9 in Axes
  4702 | D:7      | Reached XP level 9. HP: 61/78 MP: 5/8
  4978 | D:7      | Found a radiant altar of Vehumet.
  5043 | D:7      | Found a staircase to the Ecumenical Temple.
  5092 | D:7      | Found a snail-covered altar of Cheibriados.
  5216 | D:7      | Noticed a cyclops
  5220 | D:7      | Killed a cyclops
  5419 | D:8      | Noticed Gastronok
  5430 | D:8      | Reached skill level 10 in Axes
  5434 | D:8      | Killed from afar by Gastronok

Vault maps used:
D:1:      matt_arrival_los_fun
D:2:      gammafunk_temple_overflow_pools
D:3:      chequers_ecumenical_altar_simple_redux
D:4:      lemuel_doored_altar, first_bread, serial_shops, shop_coins
D:5:      uniq_eustachio
D:6:      serial_shops, shop, uniq_edmund
D:7:      kennysheep_windowed_halls, cheibrodos_worm_habitat,
          cheibrodos_ashenzari_chains, nicolae_overflow_hidden_temple,
          lemuel_temple_firewalk_a, serial_shops, shop, grunt_livestock,
          minmay_misc_feat_rows
D:8:      uniq_gastronok

Skill      XL: |  1  2  3  4  5  6  7  8  9 |
---------------+----------------------------+-----
Axes           | 4 5 6 7 9 10 | 10.0
Armour         | 3 4 5 7 8 9 |  9.6
Fighting       | 4 5 6 7 |  7.5
Dodging        | 3 4 5 6 |  6.2

Action                   |  1- 3 |  4- 6 |  7- 9 || total
-------------------------+-------+-------+-------++-------
Melee: Hand axe          |    84 |    42 |   133 ||   259
       Headbutt          |    16 |     9 |    35 ||    60
Invok: Berserk           |       |     2 |     3 ||     5
  Use: Scroll            |       |    11 |     2 ||    13
       Potion            |       |     1 |     2 ||     3
  Eat: Chunk             |     3 |     3 |    12 ||    18
Armor: Animal skin       |     6 |       |       ||     6
       Leather armour    |     7 |    12 |     4 ||    23
       Chain mail        |       |       |    42 ||    42
       Plate armour      |       |       |     9 ||     9
Dodge: Dodged            |    60 |    20 |    55 ||   135

Table legend:
 A = Spawn XP
 B = Non-spawn XP
 C = Spawn XP percentage of total XP
 D = Spawn monster count
 E = Non-spawn monster count
 F = Spawn count percentage of total count
 G = Total turns spent on level
                    A         B        C        D         E        F      G
               +---------+---------+-------+---------+---------+-------+---------
         Total |       0 |    4358 |   0.0 |       0 |     109 |   0.0 |  5434
               +---------+---------+-------+---------+---------+-------+---------
           D:1 |       0 |      31 |   0.0 |       0 |      14 |   0.0 |   682
           D:2 |       0 |      23 |   0.0 |       0 |      10 |   0.0 |   457
           D:3 |       0 |      48 |   0.0 |       0 |      20 |   0.0 |   895
           D:4 |       0 |     442 |   0.0 |       0 |      11 |   0.0 |   451
           D:5 |       0 |     650 |   0.0 |       0 |       8 |   0.0 |   832
           D:6 |       0 |     526 |   0.0 |       0 |      14 |   0.0 |   819
           D:7 |       0 |    2333 |   0.0 |       0 |      29 |   0.0 |  1209
           D:8 |       0 |     305 |   0.0 |       0 |       3 |   0.0 |    89
               +---------+---------+-------+---------+---------+-------+---------
